AoeStats
← Rambao

Arena

509625990Analyzed
3v3 RM · 5d ago on Sep 27, 2026· 51m 2s· 6 players
Game mode
Random Map
Map size
Normal (6 player)
Population
200
Speed
Normal
Resources
Standard
Victory
Conquest
Starting age
Dark Age
Ending age
Imperial Age
RankedLock teamsTeams togetherTeam positionsShared explorationLock speedFull tech treeHidden civsTurbo modeCheats
Victory
Defeat
🇮🇳 Goths · India
687
+18
🇮🇳 Cumans · India
681
+18
🇮🇳 Mongols · India
654
+19
🇪🇸 Mongols · Spain
740
-19
🇨🇳 Chinese · China
720
-18
🇧🇷 Franks · Brazil
714
-18
[MCC] Bacteria-Am
JonAbrucci
9:26 Feudal Age
10:17 Double-Bit Axe
11:27 Wheelbarrow
10:39 Loom
11:32 Horse Collar
15:03 Gold Mining
17:46 Stone Mining
18:54 Forging
18:34 Fletching
18:44 Scale Mail Armor
18:45 Padded Archer Armor
18:50 Scale Barding Armor
22:16 Castle Age
20:38 Forging
20:29 Scale Mail Armor
23:16 Pikeman
23:56 Squires
33:00 Stone Shaft Mining
33:01 Gold Shaft Mining
32:41 Bow Saw
301301301
0:32 Loom
10:33 Feudal Age
11:37 Double-Bit Axe
11:55 Horse Collar
14:26 Arson
19:03 Castle Age
18:00 Stone Mining
18:01 Gold Mining
19:02 Scale Mail Armor
19:24 Forging
21:05 Husbandry
21:14 Heavy Plow
24:10 Town Watch
25:58 Bloodlines
26:56 Wheelbarrow
28:29 Stone Shaft Mining
28:30 Gold Shaft Mining
28:27 Padded Archer Armor
31:55 Hand Cart
31:43 Town Patrol
33:34 Light Cavalry
34:57 Great Wall
37:57 Imperial Age
35:26 Fletching
35:43 Scale Barding Armor
39:41 Conscription
40:05 Murder Holes
40:20 Masonry
40:31 Ballistics
39:58 Arrowslits
43:19 Squires
42:40 Pikeman
44:27 Leather Archer Armor
44:07 Bodkin Arrow
44:28 Chain Mail Armor
44:49 Iron Casting
44:35 Chain Barding Armor
44:50 Architecture
48:50 Bracer
HIMMY SIDEYE BUCKETS
9:37 Loom
11:48 Feudal Age
13:41 Double-Bit Axe
13:41 Horse Collar
21:09 Castle Age
21:29 Wheelbarrow
22:12 Bow Saw
23:09 Heavy Plow
24:53 Caravan
27:42 Hand Cart
27:20 Fletching
27:30 Padded Archer Armor
27:41 Forging
27:37 Scale Barding Armor
27:45 Gold Mining
27:46 Stone Mining
28:22 Bodkin Arrow
28:55 Husbandry
30:01 Light Cavalry
32:33 Thumb Ring
33:35 Bloodlines
36:14 Ballistics
36:05 Fortified Wall
38:49 Leather Archer Armor
39:10 Iron Casting
38:56 Chain Barding Armor
40:37 Elite Skirmisher
47:17 Imperial Age
44:46 Murder Holes
45:01 Masonry
45:35 Town Watch
48:23 Drill
48:24 Conscription
47:28 Capped Ram
47:32 Elite Steppe Lancer
48:16 Bracer
48:55 Hoardings
49:08 Parthian Tactics
49:36 Drill
48:37 Elite Mangudai
50:43 Blast Furnace
50:18 Town Patrol
50:55 Stone Shaft Mining
50:56 Gold Shaft Mining
51:24 Chemistry
50:55 Spies/Treason
RizzThin
11:14 Loom
13:07 Feudal Age
15:44 Double-Bit Axe
15:43 Horse Collar
19:00 Arson
22:27 Town Watch
25:18 Wheelbarrow
25:18 Forging
25:09 Scale Mail Armor
25:18 Scale Barding Armor
27:04 Bloodlines
30:01 Castle Age
30:16 Pikeman
30:57 Squires
33:02 Iron Casting
32:42 Chain Mail Armor
32:48 Chain Barding Armor
34:29 Town Patrol
34:44 Hand Cart
36:44 Steppe Husbandry
38:30 Murder Holes
38:46 Masonry
38:56 Ballistics
38:30 Capped Ram
46:59 Imperial Age
48:42 Halberdier
48:49 Elite Steppe Lancer
Rambao
3:35 Loom
9:41 Feudal Age
10:12 Double-Bit Axe
20:01 Castle Age
18:13 Stone Mining
18:15 Horse Collar
18:07 Man-at-Arms
18:51 Scale Mail Armor
19:13 Gold Mining
20:22 Forging
22:41 Squires
23:20 Iron Casting
23:25 Bow Saw
24:06 Anarchy
25:16 Caravan
25:37 Heavy Plow
36:36 Wheelbarrow
40:26 Chain Mail Armor
42:01 Hand Cart
Connection lost

Rejoining the realm…

Still unreachable

The connection could not be restored.

Session expired

The server has moved on; the page needs a fresh start.